 Dungeon Crawl Stone Soup version 0.26-a0-642-g67e99244d3 (webtiles) character file.

Game seed: 592693460647387710

81 Descartes the Grasshopper (level 4, 0/40 HPs)
             Began as a Naga Warper on Sept 21, 2020.
             Killed by nerve-wracking pain
             ... invoked by an orc priest
              (4 damage)
             ... on level 3 of the Dungeon.
             The game lasted 00:04:21 (2500 turns).

Descartes the Grasshopper (Naga Warper)             Turns: 2500, Time: 00:04:23

Health: 0/40       AC:  7    Str: 13    XL:     4   Next: 40%
Magic:  7/7        EV:  7    Int: 14    God:
Gold:   182        SH:  0    Dex: 11    Spells: 7/7 levels left

rFire    . . .     SeeInvis +   a - +0 falchion
rCold    . . .     Faith    .   (no shield)
rNeg     . . .     Spirit   .   p - +0 scale mail
rPois    +         Reflect  .   s - +0 helmet
rElec    .         Harm     .   (no cloak)
rCorr    .         Rampage  .   c - +1 pair of gloves
MR       .....                  (no barding)
Stlth    +.........             (no amulet)
HPRegen  0.13/turn              i - +4 ring of slaying
MPRegen  0.10/turn              (no ring)

@: mighty, brilliant, stab, hasted, quick
A: large, see invisible, deformed body, poison resistance, slowness 2, spit
poison 1, AC +1
a: Spit Poison


You were on level 3 of the Dungeon.
You visited 1 branch of the dungeon, and saw 3 of its levels.

You collected 182 gold pieces.

Inventory:

Hand Weapons
 a - a +0 falchion (weapon)
 b - a +1 vorpal hunting sling
Missiles
 e - 5 boomerangs of dispersal (quivered)
 f - 300 stones
 j - 36 arrows
 l - 20 sling bullets
 n - 23 bolts
 o - 17 poisoned darts
 v - 3 boomerangs
Armour
 c - a +1 pair of gloves (worn)
 p - a +0 scale mail (worn)
 r - a +0 leather armour
 s - a +0 helmet (worn)
 t - a +0 ring mail
Jewellery
 i - a +4 ring of slaying (left hand)
Scrolls
 d - 2 scrolls of blinking
 h - a scroll of fear {unknown}
 k - 2 scrolls of identify {unknown}
 m - a scroll of fog {unknown}
 u - 2 scrolls of magic mapping {unknown}
Potions
 q - a potion of resistance {unknown}


   Skills:
 + Level 2.6 Fighting
 - Level 2.4 Long Blades
 + Level 0.5(0.9) Slings
 - Level 0.8(1.0) Throwing
 + Level 1.5 Armour
 + Level 2.1 Dodging
 + Level 2.6 Stealth
 - Level 2.0 Spellcasting
   Level 3.0 Translocations


You had 7 spell levels left.
You didn't know any spells.
Your spell library contained the following spells:

 Spells                   Type           Power        Failure   Level
 Blink                    Tloc           N/A          43%         2
 Gell's Gravitas          Tloc           ##........   67%         3
 Lesser Beckoning         Tloc           ##........   67%         3
 Teleport Other           Tloc           ##......     67%         3
 Passage of Golubria      Tloc           N/A          97%         4


Dungeon Overview and Level Annotations

Branches:
Dungeon (3/15)

Altars:
Qazlal
Uskayaw
Wu Jian


Innate Abilities, Weirdness & Mutations

You cannot wear boots.
Your serpentine skin is tough. (AC +1)
You have supernaturally acute eyesight. (SInv)
Armour fits poorly on your strangely shaped body.
Your system is resistant to poisons. (rPois)
You cover ground very slowly.
You can spit poison.


Message History

It was a potion of brilliance.
You feel clever all of a sudden.
The ball python bites you but does no damage.
It was a potion of stabbing.
You feel ready to backstab.
The ball python bites you but does no damage.
It was a potion of haste.
You feel yourself speed up. The ball python completely misses you.
The ball python closely misses you.
You riposte.
You closely miss the ball python.
It was a potion of might.
You feel very mighty all of a sudden.
You closely miss the ball python.
The ball python bites you but does no damage.
You slash the orc priest!
The orc priest is almost dead.
A rat comes into view.
The ball python bites you but does no damage.
The orc priest mumbles some strange prayers to Beogh against you.
Pain shoots through your body!
You die...

#####...# #...#o#
#...'.##### .
#...#o#...#
#...#####...#.#
+....r'##..#
#.###.#.#.##
#oS###).#
#.#@..#.#
#oo.#...#
######.## #..# .#
#)## #.# #.#
#.######### ##.#
#.........####..#
#..# ####......##


You could see an orc priest, 2 orcs, a ball python and a rat.

Vanquished Creatures
  An adder (D:3)
  An ooze (D:2)
  6 dart slugs
  3 leopard geckos
  An orc (D:3)
  7 bats
  2 giant cockroaches
  8 goblins
  3 hobgoblins
  4 jackals (D:3)
  A quokka (D:2)
  A ball python (D:1)
  2 frilled lizards
  6 kobolds
  5 rats
51 creatures vanquished.

Vanquished Creatures (others)
  A withered plant (D:3)
1 creature vanquished.

Grand Total: 52 creatures vanquished

Notes
Turn   | Place    | Note
-------+----------+-------------------------------------------
     0 | D:1      | Descartes the Naga Warper began the quest for the Orb.
     0 | D:1      | Reached XP level 1. HP: 19/19 MP: 3/3
   447 | D:1      | Reached skill level 1 in Armour
   447 | D:1      | Reached skill level 1 in Stealth
   447 | D:1      | Reached XP level 2. HP: 18/26 MP: 5/5
  1293 | D:2      | Reached XP level 3. HP: 24/33 MP: 6/6
  1441 | D:2      | Found a hide-covered altar of Uskayaw.
  1671 | D:2      | Found a faded altar of an unknown god.
  2044 | D:3      | Found an ornate altar of the Wu Jian Council.
  2242 | D:3      | Found a stormy altar of Qazlal.
  2288 | D:3      | Reached XP level 4. HP: 40/40 MP: 7/7
  2500 | D:3      | Killed from afar by an orc priest

Illustrated notes

Levels and vault maps discovered:
D:1:      ncdulo_halloftheorcs, layout_rooms, chequers_serial_rivers_large_a
D:2:      layout_loops_ring, old_standard_altar,
          chequers_ecumenical_altar_twisty
D:3:      layout_loops_corners, old_standard_altar, kiku_gazebo_garden_becter,
          grunt_qazlal_sundering, minmay_fractal_squares_diagonal_5

Skill      XL: |  1  2  3 |
---------------+----------+-----
Armour         | 1 |  1.5
Stealth        | 1 2 |  2.6
Dodging        | 2 |  2.1
Fighting       | |  2.6
Long Blades    | |  2.4
Slings         | |  0.5
Throwing       | |  0.8
Spellcasting   | |  2.0
Translocations | |  3.0

Action                   |  1- 3 |  4- 6 || total
-------------------------+-------+-------++-------
Melee: Falchion          |    96 |     6 ||   102
 Fire: Hunting sling     |    32 |    13 ||    45
  Use: Potion            |       |     4 ||     4
 Stab: Sleeping          |     1 |       ||     1
Armor: Leather armour    |    49 |       ||    49
       Scale mail        |     5 |    12 ||    17
Dodge: Dodged            |    62 |    11 ||    73
       Rpst.: Falchion   |    12 |     3 ||    15

Table legend: (Time is in decaauts)
 A = Elapsed time spent in this place.
 B = Non-inter-level travel time spent in this place.
 C = Inter-level travel time spent in this place.
 D = Time resting spent in this place.
 E = Time spent auto-exploring this place.
 F = Levels seen in this place.
 G = Mean time per level.
                   A        B        C        D        E       F      G
               +--------+--------+--------+--------+--------+-----+--------+
         Total |   3049 |   2962 |     87 |      0 |   2522 |   3 | 1016.3 |
       Dungeon |   3049 |   2962 |     87 |      0 |   2522 |   3 | 1016.3 |
               +--------+--------+--------+--------+--------+-----+--------+

Top non-repeatable levels by time:
     D:1: 1351 daAuts
     D:2: 1028 daAuts
     D:3: 669 daAuts
